 Dungeon Crawl Stone Soup version 0.19-a0-1170-g18f0c96 (webtiles) character file.

212 Gorice the Cutter (level 6, -2/32 HPs)
             Began as a Kobold Enchanter on Aug 17, 2016.
             Slain by an orc priest
             ... wielding a +0 trident
              (8 damage)
             ... on level 3 of the Dungeon.
             The game lasted 00:16:27 (4476 turns).

Gorice the Cutter (Kobold Enchanter)                Turns: 4476, Time: 00:16:28

Health: -2/32      AC:  3    Str:  9    XL:     6   Next: 13%
Magic:  9/9        EV: 15    Int: 13    God:
Gold:   91         SH:  0    Dex: 16    Spells: 1 memorised, 8 levels left

rFire  . . .     SeeInvis .     a - +2 dagger
rCold  . . .     Gourm    .     r - +0 robe (curse)
rNeg   . . .     Faith    .     (shield restricted)
rPois  .         Spirit   .     (no helmet)
rElec  .         Dismiss  .     (no cloak)
rCorr  .         Reflect  .     (no gloves)
MR     .....     Harm     .     j - +0 pair of boots
Stlth  +++.......               (no amulet)
                                (no ring)
                                (no ring)

@: no status effects
A: carnivore 3
a: no special abilities


You were on level 3 of the Dungeon.
You were completely stuffed.

You visited 1 branch of the dungeon, and saw 3 of its levels.

You collected 91 gold pieces.

Inventory:

Hand Weapons
 a - a +2 dagger (weapon)
 f - a +0 whip
 i - a +0 short sword
Missiles
 h - 18 poisoned needles
 Z - 142 stones (quivered)
Armour
 b - a +1 robe
 e - a +0 ring mail
 j - a +0 pair of boots (worn)
 r - a cursed +0 robe (worn)
Scrolls
 g - a scroll of identify
Potions
 k - 2 potions of curing
 q - 2 potions of agility {!q}
Books
 c - a book of Maledictions
Comestibles
 d - 4 meat rations {!e}
 l - a chunk of flesh


   Skills:
 * Level 7.2 Short Blades
 - Level 0.8 Armour
 - Level 2.4 Dodging
 - Level 4.0 Stealth
 - Level 2.0 Spellcasting
 - Level 3.0 Hexes


You had 8 spell levels left.
You knew the following spells:

 Your Spells              Type           Power        Failure   Level  Hunger
a - Corona                Hex            #......      10%         1    ##.....


Dungeon Overview and Level Annotations

Branches:
Dungeon (3/15)

Altars:

Annotations:
D:2 vpUX: gnoll with flail
D:3 exclusions: orc and orc priest, crawlian's ghost, weakling DEFE


Innate Abilities, Weirdness & Mutations

You are small and have problems with some larger weapons.
You are carnivorous and can eat meat at any time.


Message History

You hit the orc.
The orc is almost dead.
The kobold throws a stone.
The stone misses you.
You closely miss the orc.
The orc is almost dead.
The orc closely misses you.
You hit the orc.
You kill the orc!
The kobold throws a stone.
The stone misses you. The orc misses you.
Things that are here:
a short sword; an orc corpse You closely miss the orc.
The orc barely misses you.
Some of the chunks of flesh in your inventory have rotted away.
You closely miss the orc.
The kobold throws a stone.
The stone hits you.
Damage: 2 (max 2)
You hit the orc.
You kill the orc!
The orc misses you.
You see here a hand axe.
The orc priest shouts!
You hit the orc.
The orc is heavily wounded.
The orc barely misses you.
You closely miss the orc.
The orc is moderately wounded.
You hit the orc.
You kill the orc!
You see here a hand axe.
The orc priest invokes the aid of Beogh against you.
Beogh smites you!
Ouch! That really hurt!
* * * LOW HITPOINT WARNING * * *
Damage: 17 (max 17)
The orc priest hits you with a trident.
* * * LOW HITPOINT WARNING * * *
Damage: 3 (max 17)
You hit the orc priest.
The orc priest is moderately wounded.
You hit the orc priest but do no damage.
The orc priest is moderately wounded.
The orc priest hits you with a trident.
* * * LOW HITPOINT WARNING * * *
Damage: 5 (max 17)
You hit the orc priest.
The orc priest is moderately wounded.
You hit the orc priest.
The orc priest is severely wounded.
The orc priest hits you with a trident!
You die...

####################
#).@o...............
#K#############.####
#)# #.# ###(### #o#
#..K..# #o# #.)...#
#.#### #.....#####
#....# #.........#
#.o..# ###.###K#..#
####....#


You could see an orc priest and a kobold.

Vanquished Creatures
  Jessica (D:2)
  Ijyb (D:1)
  2 gnolls (D:1)
  5 adders
  A worm (D:2)
  A dart slug (D:1)
  5 giant geckos
  3 orcs (D:3)
  6 giant cockroaches
  10 goblins
  15 hobgoblins
  2 quokkas
  A ball python (D:1)
  11 bats
  3 giant newts (D:1)
  7 kobolds (D:1)
  7 rats
81 creatures vanquished.

Notes
Turn   | Place    | Note
-------+----------+-------------------------------------------
     0 | D:1      | Gorice the Kobold Enchanter began the quest for the Orb.
     0 | D:1      | Reached XP level 1. HP: 10/10 MP: 3/3
    31 | D:1      | Reached skill level 2 in Short Blades
   387 | D:1      | Reached XP level 2. HP: 15/15 MP: 5/5
   532 | D:1      | Reached skill level 3 in Short Blades
   643 | D:1      | HP: 2/15 [hobgoblin/whip (3)]
   878 | D:1      | Reached XP level 3. HP: 14/19 MP: 6/6
  1701 | D:1      | Reached skill level 4 in Short Blades
  1833 | D:2      | Reached XP level 4. HP: 17/24 MP: 7/7
  1939 | D:2      | Noticed Jessica
  1996 | D:2      | Noticed Ijyb
  2243 | D:1      | Killed Ijyb
  2243 | D:1      | Reached skill level 5 in Short Blades
  2480 | D:1      | Reached XP level 5. HP: 9/28 MP: 8/8
  2482 | D:1      | HP: 8/28 [goblin/dagger (1)]
  3073 | D:2      | Found a faded altar of an unknown god.
  3097 | D:2      | Killed Jessica
  3097 | D:2      | Reached skill level 6 in Short Blades
  3121 | D:2      | HP: 7/28 [adder (4)]
  3817 | D:2      | Reached XP level 6. HP: 32/32 MP: 9/9
  3921 | D:2      | Reached skill level 7 in Short Blades
  4081 | D:3      | Noticed crawlian's ghost (weakling DEFE)
  4474 | D:3      | HP: 6/32 [orc priest/trident (5)]
  4476 | D:3      | Slain by an orc priest

Vault maps used:
D:1:      scummos_arrival_star
D:2:      ecumenical_altar_1, first_bread, uniq_jessica, uniq_iyjb
D:3:      minmay_quantized

Skill      XL: |  1  2  3  4  5  6 |
---------------+-------------------+-----
Short Blades   | 2 3 4 5 6 7 |  7.2
Armour         | |  0.8
Dodging        | |  2.4
Stealth        | |  4.0
Spellcasting   | |  2.0
Hexes          | |  3.0

Action                   |  1- 3 |  4- 6 || total
-------------------------+-------+-------++-------
Melee: Dagger            |   189 |   244 ||   433
Throw: Stone             |       |     3 ||     3
 Cast: Corona            |       |     3 ||     3
  Use: Potion            |     1 |     1 ||     2
       Scroll            |     5 |     1 ||     6
 Stab: Sleeping          |     4 |     5 ||     9
       Distracted        |       |     1 ||     1
  Eat: Chunk             |    11 |     9 ||    20
Armor: Ring mail         |    50 |       ||    50
       Robe              |     7 |    29 ||    36
       Skin              |       |     6 ||     6
Dodge: Dodged            |   131 |   166 ||   297

Table legend:
 A = Turns spent in this place as a percentage of turns spent in the entire game.
 B = Non-inter-level travel turns spent in this place as a percentage of non-inter-level travel turns spent in the entire game.
 C = Inter-level travel turns spent in this place as a percentage of turns spent in this place.
 D = Turns resting spent in this place as a percentage of non-inter-level travel turns spent in this place.
 E = Turns spent auto-exploring this place as a percentage of non-inter-level travel turns spent in this place.
 F = Non-inter-level travel turns spent in this place divided by the number of levels of this place that you've seen.
                   A       B       C       D       E      F
               +-------+-------+-------+-------+-------+----------------------
         Total | 100.0 | 100.0 |   0.3 |   3.3 |   2.6 | 609.7
       Dungeon | 100.0 | 100.0 |   0.3 |   3.3 |   2.6 | 609.7
               +-------+-------+-------+-------+-------+----------------------

Vault maps used:
D:1:      scummos_arrival_star
D:2:      ecumenical_altar_1, first_bread, uniq_jessica, uniq_iyjb
D:3:      minmay_quantized
